AoeStats
← whO asked?

Arabian Desert

510715443Analyzed
1v1 RM · 10h ago on Oct 2, 2026· 55m 57s· 2 players
Game mode
Random Map
Map size
Tiny (2 player)
Population
200
Speed
Normal
Resources
Standard
Victory
Conquest
Starting age
Dark Age
Ending age
Imperial Age
RankedLock teamsTeams togetherTeam positionsShared explorationLock speedFull tech treeHidden civsTurbo modeCheats
Victory
Defeat
🇫🇷 Mapuche · France
883
+14
🇰🇿 Turks · Kazakhstan
830
-14
whO asked?
9:25 Loom
11:20 Feudal Age
12:24 Town Watch
12:26 Double-Bit Axe
13:36 Wheelbarrow
13:00 Horse Collar
16:00 Fletching
20:26 Castle Age
21:38 Bow Saw
23:07 Forging
23:22 Gold Mining
25:10 Bodkin Arrow
26:02 Scale Barding Armor
27:03 Iron Casting
27:21 Stone Mining
31:13 Town Patrol
32:47 Ballistics
33:11 Chain Barding Armor
35:42 Thumb Ring
41:36 Imperial Age
40:58 Scale Mail Armor
43:46 Heavy Camel Rider
46:29 Gold Shaft Mining
Avelio
7:20 Loom
9:39 Feudal Age
10:19 Double-Bit Axe
10:24 Gold Mining
10:38 Champi Runner
14:02 Wheelbarrow
13:18 Town Watch
13:50 Scale Mail Armor
14:00 Forging
17:50 Arson
22:28 Castle Age
20:19 Horse Collar
23:41 Chain Mail Armor
25:05 Iron Casting
26:13 Padded Archer Armor
26:04 Fletching
28:52 Bow Saw
29:18 Gold Shaft Mining
29:22 Leather Archer Armor
29:03 Bodkin Arrow
33:41 Malon
33:06 Elite Skirmisher
33:55 Heavy Plow
38:54 Imperial Age
40:20 Sappers
41:22 Conscription
42:06 Plate Mail Armor
42:36 Blast Furnace
43:25 Chemistry
42:36 Masonry
42:08 Treadmill Crane
42:24 Murder Holes
42:37 Siege Engineers
44:04 Elite Kona
46:20 Hand Cart
45:50 Town Watch
48:16 Architecture
48:12 Ballistics
47:40 Arrowslits
47:52 Murder Holes
48:15 Stone Mining
48:57 Crop Rotation
50:26 Sappers
51:34 Hoardings
52:09 Ring Archer Armor
53:07 Spies/Treason
55:36 Town Patrol
Connection lost

Rejoining the realm…

Still unreachable

The connection could not be restored.

Session expired

The server has moved on; the page needs a fresh start.